[Event "Romanian Women Championship 2024"]
[Site "Eforie Nord"]
[Date "2024.02.25"]
[Round "2.2"]
[White "Ardelean, Lorela-Daniela"]
[Black "Lehaci, Miruna-Daria"]
[Result "0-1"]
[ECO "C00"]
[WhiteElo "1802"]
[BlackElo "2227"]
[Annotator "TA"]
[PlyCount "42"]
[EventDate "2024.02.24"]
[EventType "swiss"]
[EventCountry "ROU"]
[SourceTitle "playchess.com"]
[Source "ChessBase"]
[SourceQuality "1"]
[TimeControl "40/5400+30:900+30"]

1. e4 e6 2. f4 d5 3. e5 c5 4. c3 Nc6 5. Nf3 Nge7 6. Na3 d4 7. Bd3 Nd5 8. g3 {[%emt 0:00:30] The position is equal.} b6 9. Nc2 Bb7 10. a3 Qd7 11. Qe2 O-O-O (11... dxc3 {simplifies} 12. dxc3 Rd8 13. Bc4 Be7) 12. Be4 {[%emt 0:09:11] [#]} (12. cxd4 $15 h5 13. h4) 12... Nxf4 $1 $17 13. gxf4 {[%emt 0:03:27] aiming for cxd4.} d3 14. Qf1 ({But not} 14. Bxc6 $2 Qxc6 (14... dxe2 $2 15. Bxd7+ Rxd7 16. Kxe2 $18) (14... Bxc6 $2 15. Qe3 $19) 15. Qe3 dxc2 $19) 14... dxc2 15. Bxc2 f6 16. b4 (16. exf6 $17 {is a better defense.} gxf6 17. Rg1) 16... Be7 17. Rg1 Rhf8 {[%emt 0:00:00] Hoping for ...fxe5.} 18. Qe2 (18. exf6 $17 Rxf6 (18... gxf6 19. Qh3 $17) (18... Bxf6 19. bxc5 bxc5 20. Rb1 $17) 19. d4) 18... fxe5 $19 19. fxe5 {[%emt 0:18:40] [#]} (19. Be4) 19... Rxf3 $1 {[%emt 0:00:00][%mdl 512] Black is clearly winning.} 20. Qxf3 {[%emt 0:02:32] [#]} (20. Be4 Bh4+) 20... Nd4 $1 21. Qxb7+ (21. Qh3 Nxc2+) 21... Kxb7 {[%emt 0:00:00] Weighted Error Value: White=1.04/Black=0.04 (flawless) .  Mistake:       	White=4     	---        Inaccurate:     	White=2     	---        OK:         	White=1     	Black=7      Best:        	---       	Black=1      Brilliant:      	---       	Black=1} 0-1

[Event "Romanian Women Championship 2024"]
[Site "Eforie Nord"]
[Date "2024.02.25"]
[Round "2.3"]
[White "Pirvulescu, Ekaterina"]
[Black "Iordache, Alexia-Andreea"]
[Result "1/2-1/2"]
[ECO "B67"]
[WhiteElo "2091"]
[BlackElo "1769"]
[Annotator "RC"]
[PlyCount "113"]
[EventDate "2024.02.24"]
[EventType "swiss"]
[EventCountry "ROU"]
[SourceTitle "playchess.com"]
[Source "ChessBase"]
[SourceQuality "1"]
[TimeControl "40/5400+30:900+30"]

1. e4 c5 2. Nf3 d6 3. d4 cxd4 4. Nxd4 Nf6 5. Nc3 Nc6 6. Bg5 e6 7. Qd2 a6 8. O-O-O Bd7 9. f4 h6 10. Bh4 Be7 11. Nf3 Qc7 12. Bxf6 Bxf6 13. Qxd6 Qxd6 14. Rxd6 g5 15. g3 Bxc3 16. bxc3 Rg8 17. Be2 gxf4 18. gxf4 Rg2 19. Rd2 O-O-O 20. Ne1 Rg7 21. Nd3 Na5 22. Ne5 Be8 23. Rxd8+ Kxd8 24. Kd2 Rg2 25. Ke3 f6 26. Ng4 Bb5 27. Bxb5 Rxg4 28. Be2 Rg7 29. Rd1+ Kc7 30. Kf2 e5 31. fxe5 fxe5 32. Rg1 Rxg1 33. Kxg1 Kd6 34. Kf2 Ke7 35. Kg3 Kf6 36. Kh4 Kg6 37. Bh5+ Kf6 38. Be2 Kg6 39. a4 Kf6 40. Kh5 Kg7 41. Bf1 Kh7 42. c4 Nc6 43. c5 Nd4 44. Bh3 Nc6 45. Bc8 Na5 46. c6 bxc6 47. Bxa6 c5 48. Bb5 Kg7 49. Bd7 Nb7 50. Bc6 Na5 51. Bd5 Kh7 52. Kg4 Kg6 53. h3 Kf6 54. Kh5 Kg7 55. Kg4 Kg6 56. Kh4 Kf6 57. Kh5 1/2-1/2

[Event "Romanian Women Championship 2024"]
[Site "Eforie Nord"]
[Date "2024.02.25"]
[Round "2.4"]
[White "Puia, Alexia-Teodora"]
[Black "Trifoi, Mihaela-Ioana"]
[Result "0-1"]
[ECO "D36"]
[WhiteElo "1751"]
[BlackElo "2003"]
[Annotator "RC"]
[PlyCount "70"]
[EventDate "2024.02.24"]
[EventType "swiss"]
[EventCountry "ROU"]
[SourceTitle "playchess.com"]
[Source "ChessBase"]
[SourceQuality "1"]
[TimeControl "40/5400+30:900+30"]

1. d4 d5 2. c4 e6 3. cxd5 exd5 4. Nc3 Nf6 5. Bg5 Be7 6. Qc2 c6 7. e3 h6 8. Bh4 O-O 9. Bd3 Re8 10. Nge2 Ne4 11. Bxe7 Qxe7 12. O-O Nd7 13. Bxe4 dxe4 14. d5 Nf6 15. dxc6 bxc6 16. Na4 Ba6 17. Rfe1 Bd3 18. Qc5 Qc7 19. Nf4 Rad8 20. Rac1 Rd6 21. Nc3 Qb8 22. Rcd1 Nd7 23. Qa3 c5 24. Rd2 Ra6 25. Na4 Nb6 26. b3 Rxa4 27. bxa4 Nc4 28. Qc3 Nxd2 29. Qxd2 c4 30. Qa5 Qb2 31. Nd5 Qxa2 32. Qxa7 c3 33. Ne7+ Rxe7 34. Qxe7 Qd2 35. Ra1 c2 0-1

[Event "Romanian Women Championship 2024"]
[Site "Eforie Nord"]
[Date "2024.02.25"]
[Round "2.5"]
[White "Obada, Ema"]
[Black "Schiopu, Oana-Magdalena"]
[Result "1-0"]
[ECO "B90"]
[WhiteElo "1969"]
[BlackElo "1750"]
[Annotator "RC"]
[PlyCount "71"]
[EventDate "2024.02.24"]
[EventType "swiss"]
[EventCountry "ROU"]
[SourceTitle "playchess.com"]
[Source "ChessBase"]
[SourceQuality "1"]
[TimeControl "40/5400+30:900+30"]

1. e4 c5 2. Nf3 d6 3. d4 cxd4 4. Nxd4 Nf6 5. Nc3 a6 6. f3 h5 7. Be3 e5 8. Nb3 Be6 9. Nd5 Nxd5 10. exd5 Bf5 11. Bd3 Bxd3 12. Qxd3 Nd7 13. c4 Rc8 14. O-O g5 15. Rac1 Be7 16. Nd2 a5 17. Nb1 b6 18. Nc3 Nc5 19. Qc2 Qd7 20. a3 Bd8 21. b4 axb4 22. axb4 Na6 23. Qb3 f5 24. Ra1 Nb8 25. Nb5 f4 26. Ra7 Bc7 27. Bf2 g4 28. Rfa1 Rg8 29. Nxc7+ Rxc7 30. Bxb6 gxf3 31. Qxf3 Rxa7 32. Bxa7 Qb7 33. Qxh5+ Kd8 34. Bxb8 Qxb8 35. Qf7 Rg4 36. Ra7 1-0

[Event "Romanian Women Championship 2024"]
[Site "Eforie Nord"]
[Date "2024.02.25"]
[Round "2.7"]
[White "Cosma, Elena-Luminita"]
[Black "Vorniceanu, Alina"]
[Result "1-0"]
[ECO "B15"]
[WhiteElo "2236"]
[BlackElo "1476"]
[Annotator "RC"]
[PlyCount "73"]
[EventDate "2024.02.24"]
[EventType "swiss"]
[EventCountry "ROU"]
[SourceTitle "playchess.com"]
[Source "ChessBase"]
[SourceQuality "1"]
[TimeControl "40/5400+30:900+30"]

1. d4 g6 2. e4 Bg7 3. Nc3 c6 4. h3 d5 5. Nf3 dxe4 6. Nxe4 Nf6 7. Nxf6+ exf6 8. Bc4 O-O 9. O-O b5 10. Bb3 a5 11. a4 b4 12. Re1 Re8 13. Rxe8+ Qxe8 14. Bf4 Nd7 15. Qd2 Nb6 16. Re1 Be6 17. Bxe6 fxe6 18. Qd3 Qd7 19. Bc1 Nd5 20. Nd2 Nf4 21. Qf3 e5 22. Nb3 Ne6 23. dxe5 fxe5 24. Be3 Qc7 25. Qg4 Re8 26. Qc4 Bf6 27. Nc5 Kf7 28. Rd1 Re7 29. b3 h5 30. h4 Bg7 31. g3 Bf6 32. Rd3 Qc8 33. Rd6 Re8 34. Ne4 Kg7 35. Rxc6 Qd7 36. Kh2 Qf7 37. Nd6 1-0

[Event "Romanian Women Championship 2024"]
[Site "Eforie Nord"]
[Date "2024.02.25"]
[Round "2.8"]
[White "Ciolacu, Alessia-Mihaela"]
[Black "Aldea, Maria-Antonia"]
[Result "1-0"]
[ECO "E16"]
[WhiteElo "2175"]
[BlackElo "1726"]
[Annotator "RC"]
[PlyCount "85"]
[EventDate "2024.02.24"]
[EventType "swiss"]
[EventCountry "ROU"]
[SourceTitle "playchess.com"]
[Source "ChessBase"]
[SourceQuality "1"]
[TimeControl "40/5400+30:900+30"]

1. d4 Nf6 2. c4 e6 3. Nf3 Bb4+ 4. Bd2 Qe7 5. g3 b6 6. Bg2 Bb7 7. O-O Bxd2 8. Qxd2 O-O 9. Nc3 d6 10. Rfe1 Ne4 11. Qc2 Nxc3 12. Ng5 Ne4 13. Bxe4 c6 14. Bxh7+ Kh8 15. h4 Nd7 16. Be4 Nf6 17. Bf3 g6 18. Rad1 Rad8 19. Qc3 Kg7 20. b4 d5 21. e4 Qd7 22. e5 Ng8 23. h5 Qe7 24. Qe3 Bc8 25. Kg2 Nh6 26. Rh1 Rh8 27. cxd5 cxd5 28. Qf4 Rdf8 29. Rc1 Bb7 30. Rh2 Rc8 31. Rch1 f6 32. exf6+ Qxf6 33. hxg6 Qxf4 34. Nxe6+ Kxg6 35. Nxf4+ Kg7 36. Ne6+ Kg6 37. Nf4+ Kg7 38. Rh5 Rc4 39. Ne6+ Kg6 40. Nf4+ Kg7 41. Rg5+ Kf7 42. Rg6 Rc6 43. Bxd5+ 1-0

[Event "Romanian Women Championship 2024"]
[Site "Eforie Nord"]
[Date "2024.02.25"]
[Round "2.9"]
[White "Kiss, Hanna"]
[Black "Cosman, Andreea-Marioara"]
[Result "0-1"]
[ECO "B91"]
[WhiteElo "1446"]
[BlackElo "2108"]
[Annotator "RC"]
[PlyCount "110"]
[EventDate "2024.02.24"]
[EventType "swiss"]
[EventCountry "ROU"]
[SourceTitle "playchess.com"]
[Source "ChessBase"]
[SourceQuality "1"]
[TimeControl "40/5400+30:900+30"]

1. e4 c5 2. Nf3 d6 3. d4 Nf6 4. Nc3 cxd4 5. Nxd4 a6 6. g3 g6 7. Bg2 Bg7 8. h3 O-O 9. O-O Nc6 10. Be3 Bd7 11. Qd2 Rc8 12. Nde2 Ne5 13. Kh2 Nc4 14. Qc1 b5 15. Bd4 e5 16. Be3 Nxe3 17. Qxe3 b4 18. Nd5 Nxd5 19. exd5 Rxc2 20. Rfe1 Bb5 21. a4 bxa3 22. bxa3 Qa5 23. Be4 Rxe2 24. Rxe2 Bxe2 25. Qxe2 f5 26. Bg2 e4 27. Rc1 Qxa3 28. Rc6 Be5 29. Rxa6 Qb3 30. Qd2 f4 31. Qe1 e3 32. Kh1 f3 33. Bf1 e2 34. Bxe2 fxe2 35. Qxe2 Qxd5+ 36. Kg1 Rb8 37. Qe1 Qb5 38. Ra3 Qb1 39. Qxb1 Rxb1+ 40. Kg2 Rb2 41. Ra7 Bd4 42. Ra8+ Kf7 43. Kf3 d5 44. Kg2 Rxf2+ 45. Kh1 Be3 46. g4 d4 47. Rd8 Ke7 48. Rd5 Rf6 49. g5 Rd6 50. Re5+ Kd7 51. Rb5 d3 52. Rb7+ Ke6 53. Rb3 d2 54. Rxe3+ Kd7 55. Kg2 d1=Q 0-1

[Event "Romanian Women Championship 2024"]
[Site "Eforie Nord"]
[Date "2024.02.25"]
[Round "2.10"]
[White "Kiss, Abigel"]
[Black "Sava, Ana-Maria"]
[Result "1/2-1/2"]
[ECO "B06"]
[WhiteElo "1300"]
[BlackElo "1916"]
[Annotator "RC"]
[PlyCount "57"]
[EventDate "2024.02.24"]
[EventType "swiss"]
[EventCountry "ROU"]
[SourceTitle "playchess.com"]
[Source "ChessBase"]
[SourceQuality "1"]
[TimeControl "40/5400+30:900+30"]

1. e4 g6 2. d4 Bg7 3. Nc3 e6 4. Be3 Ne7 5. Be2 d5 6. e5 b6 7. f4 Nd7 8. Nf3 c5 9. Qd2 a6 10. Nd1 Bb7 11. Bf2 cxd4 12. Nxd4 Nc5 13. Bf3 Nc6 14. c3 Rc8 15. Rc1 Qc7 16. O-O O-O 17. Ne3 b5 18. Ng4 Qe7 19. b4 Nd7 20. Rfd1 Nxd4 21. Bxd4 Rc4 22. Be2 Rc7 23. a3 Rfc8 24. Rc2 f5 25. Nf2 h6 26. Be3 Nf8 27. Nd3 Nh7 28. Rdc1 Rc6 29. h3 1/2-1/2

[Event "Romanian Women Championship 2024"]
[Site "Eforie Nord"]
[Date "2024.02.25"]
[Round "2.11"]
[White "Bira, Andrada-Paraschiva"]
[Black "Batagan, Ilinca-Petra"]
[Result "1-0"]
[ECO "A85"]
[WhiteElo "1590"]
[BlackElo "1859"]
[Annotator "NA RC"]
[PlyCount "69"]
[EventDate "2024.02.24"]
[EventType "swiss"]
[EventCountry "ROU"]
[SourceTitle "playchess.com"]
[Source "ChessBase"]
[SourceQuality "1"]
[TimeControl "40/5400+30:900+30"]

1. c4 e6 2. Nf3 d5 3. d4 c6 4. e3 Bd6 5. Nc3 f5 6. Bd3 Nf6 7. Ne5 O-O 8. O-O Bd7 9. Qb3 b6 10. f3 Qe7 11. Bd2 dxc4 12. Bxc4 b5 13. Bd3 Kh8 14. Rac1 Na6 15. Ne2 Bxe5 16. dxe5 Nd5 17. Bb1 Nb6 18. Rfd1 Nc4 19. Be1 Nxe5 20. Bg3 Nc4 21. Rxc4 bxc4 22. Qxc4 Bc8 23. Bd6 Qd7 24. Nc3 Re8 25. Be5 Qf7 26. Qh4 Bb7 27. Ne4 fxe4 28. Bxe4 h5 29. Qg5 c5 30. Bg6 Rad8 31. Qxh5+ Kg8 32. Bxf7+ Kf8 33. Re1 Re7 34. Bg6 Red7 35. Qh8+ 1-0

[Event "Romanian Women Championship 2024"]
[Site "Eforie Nord"]
[Date "2024.02.25"]
[Round "2.12"]
[White "Peptan, Corina-Isabela"]
[Black "Chicarosie, Ioana-Bianca"]
[Result "1-0"]
[ECO "E61"]
[WhiteElo "2314"]
[BlackElo "1705"]
[Annotator "RC"]
[PlyCount "101"]
[EventDate "2024.02.24"]
[EventType "swiss"]
[EventCountry "ROU"]
[SourceTitle "playchess.com"]
[Source "ChessBase"]
[SourceQuality "1"]
[TimeControl "40/5400+30:900+30"]

1. d4 Nf6 2. c4 g6 3. g3 Bg7 4. Bg2 O-O 5. Nc3 d6 6. e3 Nbd7 7. Nge2 e5 8. O-O c6 9. b3 Re8 10. Qc2 Qc7 11. Ba3 Bf8 12. Rfd1 Qa5 13. Bb2 exd4 14. Rxd4 Ne5 15. Qd2 Qc7 16. f4 Neg4 17. e4 d5 18. h3 Nh6 19. cxd5 Bc5 20. Na4 Bxd4+ 21. Qxd4 Qd8 22. Qxf6 Qxf6 23. Bxf6 cxd5 24. Nac3 dxe4 25. Nd5 Rb8 26. Be5 Rxe5 27. fxe5 Be6 28. Nf6+ Kg7 29. Nxe4 Nf5 30. Nc5 Bc8 31. Kf2 b6 32. Ne4 Ba6 33. Nd6 Bxe2 34. Nxf5+ gxf5 35. Kxe2 Re8 36. Rd1 Rxe5+ 37. Kf2 Ra5 38. a4 b5 39. Rd5 Kg6 40. Bf1 Ra6 41. Bxb5 Rb6 42. a5 Rb7 43. a6 Rb6 44. Bc4 Rc6 45. Kf3 Rc7 46. Kf4 f6 47. Rxf5 Re7 48. Rc5 h6 49. Bd3+ Kg7 50. Rb5 Rd7 51. Rb7 1-0

[Event "Romanian Women Championship 2024"]
[Site "Eforie Nord"]
[Date "2024.02.26"]
[Round "3.1"]
[White "Sandu, Mihaela"]
[Black "Trifoi, Mihaela-Ioana"]
[Result "1/2-1/2"]
[ECO "B12"]
[WhiteElo "2265"]
[BlackElo "2003"]
[Annotator "TA"]
[PlyCount "59"]
[EventDate "2024.02.24"]
[EventType "swiss"]
[EventCountry "ROU"]
[SourceTitle "playchess.com"]
[Source "ChessBase"]
[SourceQuality "1"]
[TimeControl "40/5400+30:900+30"]

1. e4 c6 2. d4 d5 3. e5 Bf5 4. h4 h5 5. Bd3 Qd7 6. c3 c5 7. dxc5 Nc6 8. Nf3 {[%emt 0:00:48] White is slightly better.} Bg4 9. Bf4 e6 10. b4 a5 $1 11. b5 Na7 12. a4 {[%emt 0:03:48] aiming for Be3.} Bxc5 13. Nbd2 Ne7 14. Nb3 $36 {[%emt 0:01:32][%csl LRa5,LRc5][%mdl 2048] White fights for an advantage.} Bb6 15. Nbd4 O-O (15... Bxd4 $11 {remains equal.} 16. cxd4 Nac8) 16. Qd2 $16 Nac8 17. Nh2 {[%emt 0:14:46] White is more active.} Bf5 18. Nxf5 exf5 19. Nf3 Ng6 20. Bh2 Qe7 $2 (20... f6 $16) 21. Bxf5 $18 Nxh4 {[%emt 0:00:33] [#]} 22. Nxh4 (22. Bc2 $1 $18) 22... Qxh4 $16 23. O-O (23. Qxd5 $2 {perishes.} Qxf2+ 24. Kd1 Rd8 $19 (24... Qxf5 $2 25. Qf3 $19)) 23... Ne7 24. Bc2 Rac8 25. Kh1 d4 26. Qd3 g6 $1 27. c4 Nf5 28. Qf3 Nh6 29. g3 (29. Kg1 $11) 29... Qh3 $17 30. Qg2 {[%emt 0:02:39] Weighted Error Value: White=0.26 (precise) /Black=0.17 (very precise) .  Loses game:     	---       	Black=1      Mistake:       	White=2     	Black=1      Inaccurate:     	White=3     	Black=3      OK:         	White=13    	Black=6      Best:        	White=1     	Black=2      Strong:       	---       	Black=2} 1/2-1/2

[Event "Romanian Women Championship 2024"]
[Site "Eforie Nord"]
[Date "2024.02.26"]
[Round "3.2"]
[White "Lehaci, Miruna-Daria"]
[Black "Obada, Ema"]
[Result "1/2-1/2"]
[ECO "D35"]
[WhiteElo "2227"]
[BlackElo "1969"]
[Annotator "RC"]
[PlyCount "169"]
[EventDate "2024.02.24"]
[EventType "swiss"]
[EventCountry "ROU"]
[SourceTitle "playchess.com"]
[Source "ChessBase"]
[SourceQuality "1"]
[TimeControl "40/5400+30:900+30"]

1. d4 Nf6 2. c4 e6 3. Nc3 d5 4. cxd5 exd5 5. Bg5 Be6 6. e3 Nbd7 7. Bd3 h6 8. Bh4 c5 9. Nge2 Be7 10. Bc2 O-O 11. O-O Rc8 12. h3 cxd4 13. Nxd4 Ne5 14. Nce2 Nc6 15. Nf5 Qd7 16. Nxe7+ Qxe7 17. Rc1 Rfd8 18. Nd4 Nxd4 19. Qxd4 g5 20. Bg3 Rc4 21. Qd3 Rdc8 22. Be5 Ne4 23. b3 R4c6 24. Bb2 f6 25. Bb1 Rxc1 26. Bxc1 Rc3 27. Qd1 Bf7 28. Bb2 Rc6 29. Qd3 Be6 30. f3 Nd6 31. Qg6+ Qg7 32. Qxf6 Qxf6 33. Bxf6 Nf5 34. Kf2 Kf7 35. Bb2 a6 36. Rc1 Rxc1 37. Bxc1 Ne7 38. Bb2 Nc6 39. g4 Bd7 40. Kg3 Ne7 41. f4 Ng8 42. h4 gxf4+ 43. exf4 Ne7 44. h5 Ng8 45. Bg6+ Kf8 46. g5 a5 47. Ba3+ Kg7 48. Bb2+ Kf8 49. Bh7 a4 50. g6 Ne7 51. Ba3 axb3 52. axb3 Bf5 53. Kf2 d4 54. Bc5 d3 55. Ke3 Ke8 56. Bxe7 Kxe7 57. Bg8 Kf6 58. Bd5 b6 59. b4 Bg4 60. Bf3 Bf5 61. Kd4 Ke6 62. Bd1 Kf6 63. Kd5 Bh3 64. Ke4 Bf5+ 65. Kd4 Ke6 66. Ke3 Kf6 67. Kd2 Ke6 68. Bb3+ Kf6 69. Bd1 Ke6 70. Bb3+ Kf6 71. Bc4 Bg4 72. Bxd3 Bxh5 73. f5 Bf3 74. Ke3 Bd5 75. Be4 Bb3 76. Kf4 Bc4 77. Bf3 Bd3 78. Bg4 Bc2 79. Ke3 Bb3 80. Kd4 Ba2 81. Kc3 Bd5 82. Kd3 Ke5 83. Ke3 Bb3 84. g7 Ba2 85. Bh3 1/2-1/2

[Event "Romanian Women Championship 2024"]
[Site "Eforie Nord"]
[Date "2024.02.26"]
[Round "3.3"]
[White "Stanciu, Andreea-Briana"]
[Black "Ciolacu, Alessia-Mihaela"]
[Result "0-1"]
[ECO "C49"]
[WhiteElo "1960"]
[BlackElo "2175"]
[Annotator "RC"]
[PlyCount "82"]
[EventDate "2024.02.24"]
[EventType "swiss"]
[EventCountry "ROU"]
[SourceTitle "playchess.com"]
[Source "ChessBase"]
[SourceQuality "1"]
[TimeControl "40/5400+30:900+30"]

1. e4 e5 2. Nf3 Nc6 3. Nc3 Nf6 4. Bb5 Bb4 5. O-O O-O 6. d3 d6 7. Bxc6 bxc6 8. Ne2 Re8 9. h3 d5 10. c3 Bd6 11. Ng3 h6 12. Qc2 Nh7 13. c4 Qf6 14. Nh2 Be6 15. Be3 d4 16. Bd2 c5 17. Ng4 Qg6 18. Qd1 Rab8 19. b3 Rf8 20. f4 exf4 21. Bxf4 Bxf4 22. Rxf4 h5 23. Nf5 Bxf5 24. Ne5 Qd6 25. Rxf5 g6 26. Rxh5 gxh5 27. Qxh5 Rbe8 28. Ng4 Re6 29. Rf1 Rg6 30. e5 Qc6 31. Rf4 a5 32. a4 Rb8 33. e6 Qxe6 34. Re4 Qd6 35. Ne5 Rg7 36. Rf4 Re8 37. Rf5 Re7 38. h4 Nf6 39. Qf3 Rxe5 40. Rxf6 Re1+ 41. Kf2 Qe7 0-1

[Event "Romanian Women Championship 2024"]
[Site "Eforie Nord"]
[Date "2024.02.26"]
[Round "3.4"]
[White "Iordache, Alexia-Andreea"]
[Black "Cosma, Elena-Luminita"]
[Result "0-1"]
[ECO "C00"]
[WhiteElo "1769"]
[BlackElo "2236"]
[Annotator "RC"]
[PlyCount "136"]
[EventDate "2024.02.24"]
[EventType "swiss"]
[EventCountry "ROU"]
[SourceTitle "playchess.com"]
[Source "ChessBase"]
[SourceQuality "1"]
[TimeControl "40/5400+30:900+30"]

1. e4 e6 2. d3 d5 3. Nd2 Nf6 4. Ngf3 b6 5. e5 Nfd7 6. d4 c5 7. c3 Be7 8. Bb5 a6 9. Bd3 a5 10. h4 Ba6 11. Bxa6 Nxa6 12. Nf1 h6 13. Ng3 b5 14. Nh5 g6 15. Nf4 Qb6 16. Be3 Nc7 17. Qd2 b4 18. c4 dxc4 19. d5 Nxd5 20. Nxd5 exd5 21. Qxd5 Ra7 22. Qxc4 Qa6 23. Qe4 Qb7 24. Qd3 Ra6 25. Rd1 Re6 26. Bf4 Qc6 27. b3 Nb6 28. O-O Kf8 29. Be3 Kg7 30. Qd2 Qe4 31. Rfe1 Qg4 32. Rc1 g5 33. hxg5 hxg5 34. Bxg5 Rg6 35. Bf6+ Bxf6 36. exf6+ Kh7 37. g3 Qxf3 38. Rxc5 Qxf6 39. Rh5+ Kg7 40. Rxh8 Kxh8 41. Qe2 Kg7 42. Qh5 Rg5 43. Qh4 Nd7 44. Kg2 Qc6+ 45. Kg1 Rg6 46. Qd4+ Nf6 47. Re5 Qa8 48. Rh5 Qf3 49. Rh4 Qd5 50. Qxd5 Nxd5 51. Rh5 Rd6 52. f4 Kg6 53. Rg5+ Kf6 54. Re5 Kg7 55. Rg5+ Kf8 56. Kf2 Ke7 57. Re5+ Kd7 58. Kf3 f6 59. Rh5 Kc6 60. g4 Re6 61. g5 fxg5 62. fxg5 Re3+ 63. Kf2 Re2+ 64. Kf3 Rxa2 65. g6 Ra1 66. Kf2 Ne7 67. g7 a4 68. Ra5 Ra2+ 0-1

[Event "Romanian Women Championship 2024"]
[Site "Eforie Nord"]
[Date "2024.02.26"]
[Round "3.5"]
[White "Cosman, Andreea-Marioara"]
[Black "Pirvulescu, Ekaterina"]
[Result "1-0"]
[ECO "D27"]
[WhiteElo "2108"]
[BlackElo "2091"]
[Annotator "RC"]
[PlyCount "63"]
[EventDate "2024.02.24"]
[EventType "swiss"]
[EventCountry "ROU"]
[SourceTitle "playchess.com"]
[Source "ChessBase"]
[SourceQuality "1"]
[TimeControl "40/5400+30:900+30"]

1. d4 d5 2. c4 dxc4 3. Nf3 Nf6 4. e3 e6 5. Bxc4 a6 6. O-O c5 7. b3 cxd4 8. Nxd4 Be7 9. Bb2 O-O 10. Nd2 b5 11. Be2 Bb7 12. a4 Nc6 13. Rc1 Qd7 14. N2f3 bxa4 15. Rxc6 Bxc6 16. Ne5 Qc7 17. Ndxc6 Bd6 18. Bf3 a3 19. Bc3 Nd5 20. Ba5 Qb7 21. e4 Bxe5 22. Nxe5 Qb5 23. exd5 Qxa5 24. Nc6 Qc7 25. d6 Qd7 26. Ne7+ Kh8 27. Bc6 Qa7 28. Bxa8 Qxa8 29. Qa1 Rd8 30. Qxa3 Qb7 31. h3 f6 32. Rc1 1-0

[Event "Romanian Women Championship 2024"]
[Site "Eforie Nord"]
[Date "2024.02.26"]
[Round "3.6"]
[White "Sava, Ana-Maria"]
[Black "Bira, Andrada-Paraschiva"]
[Result "1-0"]
[ECO "B50"]
[WhiteElo "1916"]
[BlackElo "1590"]
[Annotator "RC"]
[PlyCount "69"]
[EventDate "2024.02.24"]
[EventType "swiss"]
[EventCountry "ROU"]
[SourceTitle "playchess.com"]
[Source "ChessBase"]
[SourceQuality "1"]
[TimeControl "40/5400+30:900+30"]

1. e4 c5 2. Nf3 Nc6 3. b3 e6 4. Bb2 d6 5. e5 d5 6. d4 cxd4 7. Nxd4 a6 8. Be2 Nge7 9. O-O Qc7 10. f4 Nxd4 11. Bxd4 Nf5 12. Bf2 Bc5 13. Qd2 Bxf2+ 14. Rxf2 Qc5 15. Bd3 Ne7 16. Nc3 Bd7 17. a4 Rc8 18. Ne2 Nc6 19. Rd1 Nb4 20. c4 Nxd3 21. Qxd3 Bc6 22. cxd5 Qxd5 23. Nd4 O-O 24. Qg3 Rfd8 25. Rfd2 Qc5 26. Kh1 g6 27. h4 Qf8 28. Qg5 Rd5 29. f5 exf5 30. Nxf5 Rxd2 31. Rxd2 Re8 32. h5 Rxe5 33. Nh6+ Qxh6 34. Rd8+ Be8 35. Qxe5 1-0

[Event "Romanian Women Championship 2024"]
[Site "Eforie Nord"]
[Date "2024.02.26"]
[Round "3.7"]
[White "Sariteanu, Sabina"]
[Black "Peptan, Corina-Isabela"]
[Result "0-1"]
[ECO "B45"]
[WhiteElo "1700"]
[BlackElo "2314"]
[Annotator "TA"]
[PlyCount "60"]
[EventDate "2024.02.24"]
[EventType "swiss"]
[EventCountry "ROU"]
[SourceTitle "playchess.com"]
[Source "ChessBase"]
[SourceQuality "1"]
[TimeControl "40/5400+30:900+30"]

1. e4 c5 2. Nf3 e6 3. d4 cxd4 4. Nxd4 Nc6 5. Nc3 Qb6 (5... Nf6 $11) 6. Nxc6 (6. Ndb5 $16) 6... bxc6 $14 7. Bd3 d6 8. O-O {[%emt 0:00:00] White is slightly better.} Nf6 9. Na4 Qc7 10. c4 Be7 11. Bg5 O-O 12. Rc1 e5 13. f3 Be6 14. Qc2 h6 15. Bd2 Nd7 16. Kh1 Rab8 17. b3 Rfd8 18. Qd1 Nc5 19. Nxc5 dxc5 20. Bb1 (20. Bc3 $11) 20... Bg5 $15 21. Rc2 {[%emt 0:00:00] [#]} (21. Rf2 $1 $15) 21... Qd6 {[%emt 0:15:38] Black has more active pieces.} (21... Bxc4 $142 $1 22. bxc4 Qd7) 22. Rf2 Rd7 ({Black should play} 22... Bxc4 $17 {aiming for ...Be3.} 23. Qg1 (23. bxc4 Bxd2 24. Rf1 Qd3 $19) 23... Bxd2 24. Rfxd2 (24. bxc4 $2 {perishes.} Be3 $19) (24. Rcxd2 $2 Qxd2 25. Rxd2 Rxd2 $19) 24... Qxd2 (24... Bd3 $2 25. Rxc5 $18) 25. Rxd2 (25. bxc4 $2 Rxb1 26. Rxd2 Rxg1+ 27. Kxg1 Rxd2 $19) 25... Rxd2) 23. Qe1 {[%emt 0:00:00] Against Be3} Qe7 (23... Qc7 $15 24. Bc3 Rbd8) 24. f4 (24. Ba5 $11 {keeps the balance.}) 24... exf4 $17 25. Bxf4 Bxf4 26. Rxf4 Rbd8 $40 {[%emt 0:00:02][%mdl 128] Black mounts an attack.} 27. Rc1 {[%emt 0:00:00] Dodges Rd1} (27. Rf1 $15) 27... Qg5 28. g3 (28. Rf1 $17 {is a better chance.}) 28... Qh5 (28... Rd2 $142 29. Bc2 Bh3) 29. Qc3 $2 {[%emt 0:00:00] [#]} (29. Bc2 $19) 29... Rd2 30. Rh4 Rd1+ {[%emt 0:00:34] Weighted Error Value: White=0.70/Black=0.27 (precise) .  Loses game:     	White=1     	---        Mistake:       	White=5     	Black=4      OK:         	White=6     	Black=9      Best:        	---       	Black=1} 0-1

[Event "Romanian Women Championship 2024"]
[Site "Eforie Nord"]
[Date "2024.02.26"]
[Round "3.8"]
[White "Sunea, Sara Maria"]
[Black "Paraschiv, Petronela-Alexandra"]
[Result "1-0"]
[ECO "B13"]
[WhiteElo "1561"]
[BlackElo "1875"]
[Annotator "NA RC"]
[PlyCount "59"]
[EventDate "2024.02.24"]
[EventType "swiss"]
[EventCountry "ROU"]
[SourceTitle "playchess.com"]
[Source "ChessBase"]
[SourceQuality "1"]
[TimeControl "40/5400+30:900+30"]

1. e4 c6 2. d4 d5 3. exd5 cxd5 4. Bf4 Nf6 5. c3 Nc6 6. Nd2 e6 7. Ngf3 Bd6 8. Bxd6 Qxd6 9. Bd3 O-O 10. Qe2 Qf4 11. O-O Re8 12. Ne5 Nxe5 13. dxe5 Nd7 14. Nf3 Nc5 15. Bc2 b6 16. Rfd1 Ba6 17. Qe1 Ne4 18. Rd4 Bb7 19. Rad1 f5 20. exf6 gxf6 21. Nd2 a5 22. Nxe4 e5 23. Nxf6+ Qxf6 24. Rg4+ Kh8 25. Bxh7 e4 26. Qe3 Re7 27. Bg6 Rg7 28. Qh6+ Kg8 29. Bh7+ Kf7 30. Rf4 1-0